 Dungeon Crawl Stone Soup version 0.24-a0-230-g536ed4e33c (webtiles) character file.

Game seed: 9075978733425046161

47 Redear the Skirmisher (level 3, 0/34 HPs)
             Began as a Naga Fighter on Apr 3, 2019.
             Slain by a gnoll
             ... wielding a +0 whip
              (3 damage)
             ... on level 2 of the Dungeon.
             The game lasted 00:03:39 (727 turns).

Redear the Skirmisher (Naga Fighter)                 Turns: 727, Time: 00:03:40

Health: 0/34       AC:  4    Str: 18    XL:     3   Next: 70%
Magic:  3/3        EV:  7    Int:  9    God:
Gold:   72         SH:  0    Dex: 10    Spells: 2/2 levels left

rFire    . . .     SeeInvis +   a - +0 war axe
rCold    . . .     Gourm    .   (no shield)
rNeg     . . .     Faith    .   b - +0 scale mail
rPois    +         Spirit   .   (no helmet)
rElec    .         Reflect  .   (no cloak)
rCorr    .         Harm     .   (no gloves)
MR       .....                  (no barding)
Stlth    ..........             (no amulet)
HPRegen  0.11/turn              (no ring)
MPRegen  0.08/turn              (no ring)

@: very slow
A: large, see invisible, deformed body, poison resistance, slowness 2, slow
metabolism 1, spit poison 1, AC +1
a: Spit Poison


You were on level 2 of the Dungeon.
You were not hungry.

You visited 1 branch of the dungeon, and saw 2 of its levels.

You collected 72 gold pieces.

Inventory:

Hand Weapons
 a - a +0 war axe (weapon)
Missiles
 Q - 19 stones (quivered)
Armour
 b - a +0 scale mail (worn)
 c - a +0 shield
 e - a +0 helmet
Jewellery
 h - a cursed ring of attention {unknown}
Scrolls
 g - a scroll of remove curse {unknown}
 i - a scroll of immolation {unknown}
 m - 2 scrolls of identify {unknown}
 n - 2 scrolls of teleportation {unknown}
Potions
 d - a potion of might
 j - a potion of degeneration {unknown}
 l - a potion of curing
Comestibles
 f - 6 rations


   Skills:
 + Level 3.4 Fighting
 + Level 2.6 Axes
 - Level 2.4 Armour
 + Level 1.9 Stealth
 + Level 2.8 Shields


You had 2 spell levels left.
You didn't know any spells.
Your spell library was empty.

Dungeon Overview and Level Annotations

Branches:
Dungeon (2/15)

Altars:


Innate Abilities, Weirdness & Mutations

You cannot wear boots.
Your serpentine skin is tough. (AC +1)
You have supernaturally acute eyesight. (SInv)
Armour fits poorly on your strangely shaped body.
Your system is resistant to poisons. (rPois)
You cover ground very slowly.
You have a slow metabolism.
You can spit poison.


Message History

An adder comes into view.
The gnoll barely misses you.
You take 4 damage, and have 19/34 hp.
You barely miss the gnoll. The gnoll hits you with a +0 club.
* * * LOW HITPOINT WARNING * * *
You take 6 damage, and have 13/34 hp.
Unknown command.
You barely miss the gnoll.
Unknown command.
You hit the gnoll. The gnoll hits you with a +0 whip.
* * * LOW HITPOINT WARNING * * *
The gnoll hits you with a +0 club.
* * * LOW HITPOINT WARNING * * *
You take 8 damage, and have 5/34 hp.
MASSIVE DAMAGE!!
Unknown command.
You hit the gnoll. The gnoll hits you with a +0 whip.
* * * LOW HITPOINT WARNING * * *
The gnoll hits you with a +0 whip.
You die...

#.# ##.## #...# .).
... ## #g###....
#Sg...... #g# #@#
#.# ########## #.#
#..(.....### #.#
#.##.......# #.#
#.##.###.#.# #.#
#.##.###.#.# #.#
#.##.....#.###.##
#.##..##.#.##...###


You could see 3 gnolls and an adder.

Levels and vault maps discovered:
D:1:      nicolae_arrival_washed_ashore, layout_rooms
D:2:      layout_loops_corners, uniq_crazy_yiuf_cottage, uniq_jessica,
          uniq_robin

Notes
Turn   | Place    | Note
-------+----------+-------------------------------------------
     0 | D:1      | Redear the Naga Fighter began the quest for the Orb.
     0 | D:1      | Reached XP level 1. HP: 21/21 MP: 1/1
   146 | D:1      | Reached XP level 2. HP: 17/28 MP: 2/2
   168 | D:1      | Identified a +0 club
   201 | D:1      | Identified a +0 dagger
   207 | D:1      | Identified a +0 dagger
   518 | D:2      | Identified a +0 dagger
   518 | D:2      | Identified a +0 animal skin
   518 | D:2      | Identified a +0 helmet
   518 | D:2      | Noticed Robin
   518 | D:2      | Identified a +0 dagger
   518 | D:2      | Identified a +0 club
   518 | D:2      | Identified a cursed -1 dagger
   518 | D:2      | Identified a +0 club
   518 | D:2      | Identified a +0 club
   519 | D:2      | Reached skill level 1 in Stealth
   519 | D:2      | Identified a +1 dagger of venom
   521 | D:2      | Identified a +0 dagger
   524 | D:2      | Reached XP level 3. HP: 14/34 MP: 3/3
   525 | D:2      | HP: 8/34 [goblin[Robin] (2)]
   529 | D:2      | Identified 2 potions of curing
   530 | D:2      | HP: 6/34 [goblin[Robin] (3)]
   531 | D:2      | Identified a potion of lignification
   533 | D:2      | Identified a potion of brilliance
   533 | D:2      | HP: 1/51 [hobgoblin[Robin] (2)]
   540 | D:2      | Killed Robin
   719 | D:2      | Identified a +0 club
   719 | D:2      | Identified a +0 spear
   720 | D:2      | Identified a +0 whip
   720 | D:2      | Identified a +0 robe
   725 | D:2      | HP: 5/34 [gnoll/+0 club (6)]
   727 | D:2      | Slain by a gnoll

Table legend:
 A = Turns spent in this place as a percentage of turns spent in the entire game.
 B = Non-inter-level travel turns spent in this place as a percentage of non-inter-level travel turns spent in the entire game.
 C = Inter-level travel turns spent in this place as a percentage of turns spent in this place.
 D = Turns resting spent in this place as a percentage of non-inter-level travel turns spent in this place.
 E = Turns spent auto-exploring this place as a percentage of non-inter-level travel turns spent in this place.
 F = Non-inter-level travel turns spent in this place divided by the number of levels of this place that you've seen.
                   A       B       C       D       E      F
               +-------+-------+-------+-------+-------+----------------------
         Total | 100.0 | 100.0 |   1.4 |   0.0 |  72.8 | 358.5
       Dungeon | 100.0 | 100.0 |   1.4 |   0.0 |  72.8 | 358.5
               +-------+-------+-------+-------+-------+----------------------

Table legend:
 A = Kills in this place as a percentage of kills in entire the game.
 B = Kills by you in this place as a percentage of kills by you in the entire game.
 C = Kills by friends in this place as a percentage of kills by friends in the entire game.
 D = Other kills in this place as a percentage of other kills in the entire game.
 E = Experience gained in this place as a percentage of experience gained in the entire game.
 F = Experience gained in this place divided by the number of levels of this place that you have seen.
                   A       B       C       D       E      F
               +-------+-------+-------+-------+-------+----------------------
         Total | 100.0 | 100.0 |   N/A |   N/A | 100.0 |  34.0
       Dungeon | 100.0 | 100.0 |   N/A |   N/A | 100.0 |  34.0
               +-------+-------+-------+-------+-------+----------------------

Skill      XL: |  1  2 |
---------------+-------+-----
Stealth        | 1 |  1.9
Fighting       | |  3.4
Axes           | |  2.6
Armour         | |  2.4
Shields        | |  2.8

Action                   || total
-------------------------++-------
Melee: War axe           ||    75
  Use: Potion            ||     5
Armor: Scale mail        ||    63
       Skin              ||    21
Dodge: Dodged            ||    44

Vanquished Creatures
  Robin (D:2)
  2 giant cockroaches (D:1)
  12 goblins
  3 hobgoblins
  5 jackals
  2 kobolds (D:2)
  3 bats (D:1)
  3 rats
31 creatures vanquished.
